 Dungeon Crawl Stone Soup version 0.16-a0-791-gf1c67de (webtiles) character file.

54 Psiweapon the Sneak (level 4, 0/24 HPs)
             Began as a Kobold Enchanter on Sept 28, 2014.
             Succumbed to a worker ant's poison
             ... on Level 4 of the Dungeon.
             The game lasted 00:11:31 (1993 turns).

Psiweapon the Sneak (Kobold Enchanter)              Turns: 1993, Time: 00:11:31

HP   0/24        AC  4     Str  6      XL: 4   Next: 12%
MP   0/7         EV 15     Int 14      God:
Gold 56          SH  0     Dex 16      Spells:  2 memorised,  4 levels left

rFire  . . .     SeeInvis .     a - +1 dagger
rCold  . . .     Clarity  .     b - +1 robe
rNeg   . . .     rCorr    .     (no shield)
rPois  .         rRot     .     (no helmet)
rElec  .         Spirit   .     g - +0 cloak
SustAb .         Warding  .     (no gloves)
rMut   .         Stasis   .     (no boots)
Gourm  .                        (no amulet)
MR     .....                    (no ring)
                                (no ring)

@: lethally poisoned, very slightly contaminated, not resistant to hostile
enchantments, fairly stealthy
A: carnivore 3
a: no special abilities


You were on level 4 of the Dungeon.
You were very full.

You visited 1 branch of the dungeon, and saw 4 of its levels.

You collected 56 gold pieces.

Inventory:

Hand weapons
 a - a +1 dagger (weapon)
 k - a +0 short sword
 o - a +0 hunting sling of velocity
Missiles
 f - 8 tomahawks (quivered)
Armour
 b - a +1 robe (worn)
 g - a +0 cloak (worn)
Comestibles
 d - 3 meat rations
 m - 2 slices of pizza
 p - a beef jerky
 u - a rotting chunk of giant gecko flesh
Scrolls
 e - a scroll of amnesia {unknown}
 l - a scroll of enchant armour {unknown}
 q - a scroll of remove curse {unknown}
Potions
 h - a potion of agility {unknown}
 i - a potion of curing {unknown}
 j - a potion of restore abilities {unknown}
 r - a potion of heal wounds {unknown}
Books
 c - a book of Maledictions

   Spells                             Type                      Level
   *Corona                            Hexes                        1
   Sure Blade                         Hexes/Charms                 2
   *Ensorcelled Hibernation           Hexes/Ice                    2
   Confuse                            Hexes                        3
   Dazzling Spray                     Conjuration/Hexes            3
   Enslavement                        Hexes                        4


   Skills:
 - Level 1.3 Short Blades
 - Level 2.4 Dodging
 + Level 5.4 Stealth
 - Level 2.0 Spellcasting
 + Level 3.9 Hexes


You had 4 spell levels left.
You knew the following spells:

 Your Spells              Type           Power        Failure   Level  Hunger
a - Corona                Hex            ##.....      6%          1    ##.....
b - Ensorcelled Hibernat  Hex/Ice        #.....       21%         2    ###....


Dungeon Overview and Level Annotations

Branches:
Dungeon (4/15)
 Temple: D:4-7

Altars:
Makhleb
Xom

Annotations:
D:2 Sigmund
D:3 Talonman's ghost, average DrEE


Innate Abilities, Weirdness & Mutations

You are small and have problems with some larger weapons.
You are carnivorous and can eat meat at any time.


Message History

Aiming: Ensorcelled Hibernation
Press: ? - help, Shift-Dir - straight line, f/p - worker ant
Aim: a worker ant You miscast Ensorcelled Hibernation.
Multicoloured lights dance before your eyes!
The worker ant bites you! The worker ant misses you.
Casting: Ensorcelled Hibernation
Confirm with . or Enter, or press ? or * to list all spells.
Aiming: Corona
Press: ? - help, Shift-Dir - straight line, f/p - worker ant
Aim: a worker ant The worker ant struggles to resist.
The worker ant bites you!
You hit the worker ant but do no damage.
The worker ant bites you!
* * * LOW HITPOINT WARNING * * *
You are lethally poisoned!
The worker ant poisons you!
You hit the worker ant.
The worker ant is moderately wounded.
You die...

##. #.. ###.. ####....
........# ##.
#......####...
#.............
#...a........
#...@........ ..
#.........### #..
##......### ....#
#....########
#....#####............
#.......##............
##.....(.......#######
#..............#
#.#....<.......#


You could see a worker ant.

Vanquished Creatures
  An adder (D:3)
  2 oozes
  4 orcs (D:3)
  6 bats
  A giant cockroach (D:2)
  6 goblins
  6 hobgoblins
  A ball python (D:2)
  3 giant geckos
  2 giant newts (D:1)
  4 kobolds
  A rat (D:1)
37 creatures vanquished.

Notes
Turn   | Place    | Note
--------------------------------------------------------------
     0 | D:1      | Psiweapon, the Kobold Enchanter, began the quest for the Orb.
     0 | D:1      | Reached XP level 1. HP: 10/10 MP: 3/3
   342 | D:1      | Reached XP level 2. HP: 13/15 MP: 4/4
  1088 | D:2      | Found a shimmering altar of Xom.
  1090 | D:2      | Found a shimmering altar of Xom.
  1098 | D:2      | Found a shimmering altar of Xom.
  1098 | D:2      | Found a shimmering altar of Xom.
  1098 | D:2      | Found a shimmering altar of Xom.
  1130 | D:1      | Learned a level 2 spell: Ensorcelled Hibernation
  1242 | D:2      | Reached XP level 3. HP: 11/19 MP: 0/6
  1503 | D:2      | Reached skill level 5 in Stealth
  1605 | D:2      | Noticed Sigmund
  1878 | D:3      | Reached XP level 4. HP: 24/24 MP: 4/7
  1953 | D:3      | Noticed Talonman's ghost (average DrEE)
  1975 | D:4      | Found a burning altar of Makhleb.
  1992 | D:4      | HP: 1/24 [worker ant (7)]
  1993 | D:4      | Succumbed to a worker ant's poison

Action                   |  1- 3 |  4- 6 || total
-------------------------+-------+-------++-------
Melee: Dagger            |    89 |     7 ||    96
Throw: Tomahawk          |     2 |       ||     2
 Cast: Ensorcelled Hiber |    18 |     3 ||    21
       Corona            |       |     1 ||     1
 Stab: Sleeping          |    16 |     2 ||    18
  Eat: Chunk             |    12 |       ||    12
